 Dungeon Crawl Stone Soup version 0.19.4 (webtiles) character file.

14427 dngmouse the Martial Artist (level 11, -1/84 HPs)
             Began as a Grey Draconian Transmuter on Feb 4, 2017.
             Was an Initiate of Gozag.
             Slain by an eight-headed hydra (7 damage)
             ... on level 11 of the Dungeon.
             The game lasted 01:18:31 (15128 turns).

dngmouse the Martial Artist (DrTm)                 Turns: 15128, Time: 01:18:31

Health: -1/84      AC: 14    Str: 15    XL:     11   Next: 88%
Magic:  13/25      EV: 18    Int: 14    God:    Gozag
Gold:   2973       SH:  0    Dex: 19    Spells: 7 memorised, 10 levels left

rFire  . . .     SeeInvis .       - Unarmed
rCold  . . .     Gourm    .     (armour unavailable)
rNeg   . . .     Faith    .     (no shield)
rPois  +         Spirit   .     (helmet restricted)
rElec  .         Reflect  .     B - +0 cloak
rCorr  .         Harm     .     C - +0 pair of gloves
MR     .....                    (no boots)
Stlth  ++........               w - amulet of regeneration
                                Q - +5 ring of dexterity
                                E - ring of poison resistance

@: no status effects
A: walk through water, unfitting armour, strong 1, unbreathing, cold-blooded, AC
+12
a: Potion Petition, Call Merchant, Bribe Branch, Renounce Religion


You were on level 11 of the Dungeon.
You worshipped Gozag.
Gozag was most pleased with you.
You were very hungry.

You visited 1 branch of the dungeon, and saw 11 of its levels.

You collected 3000 gold pieces.
You paid 27 gold pieces to Gozag.

Inventory:

Missiles
 a - 150 arrows
Armour
 B - a +0 cloak (worn)
 C - a +0 pair of gloves (worn)
Jewellery
 e - an uncursed ring of fire
 m - an uncursed ring of stealth
 r - an uncursed ring of ice
 v - an uncursed ring of positive energy
 w - an amulet of regeneration (around neck)
 E - a ring of poison resistance (left hand)
 K - an uncursed amulet of magic regeneration
 P - an uncursed ring of positive energy
 Q - a +5 ring of dexterity (right hand)
 T - a +5 ring of intelligence {unknown}
Wands
 c - a wand of disintegration (4/24)
 o - a wand of paralysis (13/24)
 q - a wand of flame (0/48)
 y - a wand of teleportation (1/9)
 D - a wand of iceblast (2/15)
 H - a wand of lightning (11/15)
 R - a wand of random effects (34/48)
Scrolls
 f - 4 scrolls of fog
 g - 8 scrolls of identify
 i - 5 scrolls of remove curse
 k - 3 scrolls of amnesia {unknown}
 n - 3 scrolls of blinking {unknown}
 s - a scroll of enchant armour {unknown}
 t - a scroll of recharging {unknown}
 u - a scroll of noise {unknown}
 z - a scroll of immolation {unknown}
 A - a scroll of magic mapping {unknown}
 F - 3 scrolls of teleportation
 L - a scroll of fear {unknown}
 M - a scroll of holy word {unknown}
Potions
 d - a potion of berserk rage
 h - 4 potions of lignification
 j - 2 potions of invisibility
 l - a potion of agility {unknown}
 p - 3 potions of haste
 G - a potion of curing
 J - a potion of might
Books
 b - a book of Changes

   Spells                             Type                      Level
   a - Beastly Appendage              Transmutation                1
   b - Sticks to Snakes               Transmutation                2
   c - Spider Form                    Transmutation/Poison         3
   d - Ice Form                       Ice/Transmutation            4
   e - Blade Hands                    Transmutation                5
 N - a book of Geomancy

   Spells                             Type                      Level
   a - Sandblast                      Earth                        1
   b - Passwall                       Transmutation/Earth          2
   c - Stone Arrow                    Conjuration/Earth            3
   d - Petrify                        Transmutation/Earth          4
   e - Lee's Rapid Deconstruction     Earth                        5
Miscellaneous
 O - a box of beasts
Comestibles
 x - 3 bread rations
 I - 2 meat rations
 S - a slice of pizza


   Skills:
 + Level 4.0 Fighting
 + Level 7.2 Dodging
 + Level 10.6 Unarmed Combat
 + Level 10.1 Spellcasting
 - Level 9.2 Transmutations
 + Level 2.6 Earth Magic


You had 10 spell levels left.
You knew the following spells:

 Your Spells              Type           Power        Failure   Level  Hunger
a - Beastly Appendage     Tmut           ####..       1%          1    None
b - Sticks to Snakes      Tmut           ####....     1%          2    None
c - Spider Form           Tmut/Pois      ###.......   6%          3    #......
d - Blade Hands           Tmut           ####......   10%         5    #####..
e - Ice Form              Ice/Tmut       ###.....     17%         4    ###....
f - Passwall              Tmut/Erth      ###.......   1%          2    None
g - Stone Arrow           Conj/Erth      ##....       21%         3    #......


Dungeon Overview and Level Annotations

Branches:
Dungeon (11/15)            Temple (0/1) D:5            Lair (0/6) D:9
    Orc (0/2) D:9

Altars:
Ashenzari
Dithmenos
Gozag
Hepliaklqana
Kikubaaqudgha
Nemelex Xobeh
Ru
Sif Muna
Uskayaw
Vehumet
Yredelemnul
Zin

Shops:
D:5 [   D:9 [

Annotations:
D:7 exclusion: oklob plant


Innate Abilities, Weirdness & Mutations

You can walk through water.
Your dull iron-grey scales are very hard. (AC +12)
You cannot fit into any form of body armour.
You can survive without breathing.
You are cold-blooded and may be slowed by cold attacks.
Your muscles are strong. (Str +2)


Message History

The eight-headed hydra bites your adder!
Your adder dies!
The eight-headed hydra closely misses your adder.
The eight-headed hydra bites your adder!
Your adder dies!
The eight-headed hydra bites your adder.
The eight-headed hydra bites your adder!
The eight-headed hydra bites your adder.
Your adder dies!
Casting: Sticks to Snakes
Confirm with . or Enter, or press ? or * to list all spells.
You create a snake!
You now have 150 arrows.
Found a scroll labeled VIRIFO REAHO.
Your adder barely misses the eight-headed hydra.
Your adder bites the eight-headed hydra.
The eight-headed hydra is poisoned.
Your adder poisons the eight-headed hydra!
The eight-headed hydra bites you!
You die...
Your body crumbles into a pile of gold.

###################
#...............#..
#...............#..
#...............#..
#...............#..
#..DS...........#..
#.@........#######'
#....###'###.......
#....#......S......
########
#....#.............
#......#
+.?..#.............
#......#
#....#.............
#......#
#....#.............
#......#
#################..
#......# .........


You could see an eight-headed hydra and a friendly adder.

Vanquished Creatures
  Josephine (D:10)
  An unseen horror (D:10)
  A hill giant (D:9)
  A gargoyle (D:7)
  A komodo dragon (D:9)
  A two-headed ogre (D:8)
  A troll (D:9)
  A hippogriff (D:7)
  2 wyverns
  4 wraiths (D:10)
  A vampire (D:11)
  20 yaks
  The ghost of dngmouse the Ruffian, an amateur DrTm (D:3)
  A hungry ghost (D:9)
  A water moccasin (D:11)
  A soldier ant (D:10)
  3 orc warriors
  2 black bears
  3 ice beasts
  A sky beast (D:7)
  6 ogres
  4 phantoms
  4 wolves (D:8)
  9 centaurs
  2 big kobolds
  10 bullfrogs
  A water moccasin zombie (D:8)
  A scorpion (D:10)
  A killer bee (D:8)
  3 wights (D:5)
  7 howler monkeys
  4 electric eels
  5 crimson imps
  A quasit (D:11)
  4 orc priests
  5 hounds
  2 jellies
  A bullfrog skeleton (D:6)
  A centaur skeleton (D:10)
  8 orc wizards
  2 iguanas
  10 worker ants
  A hound zombie (D:8)
  7 gnolls
  12 adders
  6 shadow imps
  2 adder skeletons
  2 adder zombies
  6 worms
  3 dart slugs
  4 leopard geckos
  28 orcs
  6 bats
  6 giant cockroaches
  6 goblins
  6 hobgoblins
  14 jackals
  5 quokkas
  5 ball pythons
  4 frilled lizards
  2 gnoll zombies (D:3)
  13 kobolds
  A leopard gecko zombie (D:5)
  7 rats
285 creatures vanquished.

Vanquished Creatures (collateral kills)
  A hydra (D:11)
  A death yak (D:8)
  A hill giant (D:11)
  Pikel (D:4)
  5 yaks (D:8)
  Grum (D:8)
  Edmund (D:4)
  5 killer bees (D:8)
  An orc priest (D:8)
  2 orcs (D:8)
  A kobold (D:9)
20 creatures vanquished.

Vanquished Creatures (others)
  A centaur (D:4)
  4 plants
5 creatures vanquished.

Grand Total: 310 creatures vanquished

Notes
Turn   | Place    | Note
-------+----------+-------------------------------------------
     0 | D:1      | dngmouse the Draconian Transmuter began the quest for the Orb.
     0 | D:1      | Reached XP level 1. HP: 16/16 MP: 3/3
   208 | D:1      | Reached XP level 2. HP: 22/23 MP: 5/5
   889 | D:2      | Reached XP level 3. HP: 23/28 MP: 4/6
   895 | D:2      | Learned a level 2 spell: Sticks to Snakes
   899 | D:2      | Learned a level 3 spell: Spider Form
   992 | D:2      | Found an ancient bone altar of Kikubaaqudgha.
  1511 | D:2      | Found an opulent altar of Gozag.
  1591 | D:2      | Reached XP level 4. HP: 13/35 MP: 7/7
  1961 | D:2      | Became a worshipper of Gozag Ym Sagoz the Greedy
  2092 | D:2      | Found a hide-covered altar of Uskayaw.
  2352 | D:3      | Noticed dngmouse's ghost (amateur DrTm)
  2655 | D:3      | Reached XP level 5. HP: 24/40 MP: 6/8
  3156 | D:3      | Found a radiant altar of Vehumet.
  3721 | D:3      | Killed dngmouse's ghost
  3721 | D:3      | Reached skill level 5 in Unarmed Combat
  3721 | D:3      | Reached XP level 6. HP: 47/47 MP: 2/9
  3948 | D:3      | Found a basalt altar of Yredelemnul.
  4146 | D:4      | Reached skill level 5 in Transmutations
  4595 | D:4      | Found a sparkling altar of Nemelex Xobeh.
  4599 | D:4      | Noticed Edmund
  4932 | D:4      | Killed Edmund
  4932 | D:4      | Your scales start taking on a dull iron-grey colour.
  4932 | D:4      | Reached XP level 7. HP: 16/52 MP: 2/10
  4932 | D:4      | Gained mutation: You can survive without breathing. [Grey Draconian growth]
  5170 | D:4      | Noticed Pikel
  5197 | D:4      | Killed Pikel
  5294 | D:4      | Found a hazy altar of Hepliaklqana.
  5499 | D:4      | Found a faded altar of an unknown god.
  5499 | D:4      | Found a faded altar of an unknown god.
  5505 | D:4      | Found a faded altar of an unknown god.
  5507 | D:4      | Found a faded altar of an unknown god.
  5508 | D:4      | Found a shadowy altar of Dithmenos.
  5866 | D:5      | Entered Level 5 of the Dungeon
  5961 | D:5      | Reached XP level 8. HP: 30/59 MP: 13/13
  6640 | D:5      | Found a deep blue altar of Sif Muna.
  6660 | D:5      | Identified Sif Muna's Tome of the Arsonist
  6898 | D:5      | HP: 1/59 [centaur/short sword (12)]
  7202 | D:5      | Reached skill level 5 in Spellcasting
  7385 | D:5      | Found Ninwylal's Antique Armour Boutique.
  7431 | D:5      | Found a staircase to the Ecumenical Temple.
  7477 | D:5      | Found a glowing silver altar of Zin.
  7986 | D:6      | HP: 2/59 [poisoned by a worker ant]
  7994 | D:6      | HP: 2/59 [poisoned by a worker ant]
  8989 | D:6      | Found a sacrificial altar of Ru.
  9041 | D:6      | Reached XP level 9. HP: 64/64 MP: 16/18
  9375 | D:7      | Found a radiant altar of Vehumet.
  9375 | D:7      | Noticed an oklob plant
  9895 | D:7      | Noticed a gargoyle
  9906 | D:7      | Killed a gargoyle
 10230 | D:8      | Learned a level 5 spell: Blade Hands
 10235 | D:8      | Learned a level 4 spell: Ice Form
 10271 | D:8      | Found a shattered altar of Ashenzari.
 10280 | D:8      | Noticed Grum
 10291 | D:8      | Reached XP level 10. HP: 36/71 MP: 22/22
 10297 | D:8      | Gained mutation: You are dopey. (Int -2) [potion of mutation]
 10297 | D:8      | Gained mutation: Your muscles are strong. (Str +2) [potion of mutation]
 10297 | D:8      | Lost mutation: You are dopey. (Int -2) [potion of mutation]
 10603 | D:8      | Killed Grum
 10837 | D:8      | Noticed a death yak
 10861 | D:8      | Reached skill level 5 in Dodging
 10870 | D:8      | Killed a death yak
 10918 | D:8      | HP: 3/71 [yak (10)]
 12123 | D:9      | Reached XP level 11. HP: 77/77 MP: 22/24
 12222 | D:9      | Noticed a hill giant
 12276 | D:9      | Killed a hill giant
 12357 | D:9      | Reached skill level 10 in Unarmed Combat
 12434 | D:9      | Found Dylollod's Armour Emporium.
 12638 | D:9      | Found a staircase to the Orcish Mines.
 12828 | D:9      | Found a staircase to the Lair.
 13049 | D:10     | Entered Level 10 of the Dungeon
 13206 | D:10     | Killed an unseen horror
 13593 | D:10     | Noticed Josephine
 13605 | D:10     | Killed Josephine
 13765 | D:10     | Learned a level 2 spell: Passwall
 13769 | D:10     | Learned a level 3 spell: Stone Arrow
 14401 | D:11     | Noticed a four-headed hydra
 14424 | D:11     | Killed a four-headed hydra
 14424 | D:11     | Reached skill level 10 in Spellcasting
 14424 | D:11     | Reached skill level 1 in Earth Magic
 14772 | D:11     | Noticed a hill giant
 14790 | D:11     | Killed a hill giant
 15077 | D:11     | Noticed an eight-headed hydra
 15121 | D:11     | HP: 1/84 [eight-headed hydra (9)]
 15128 | D:11     | Slain by an eight-headed hydra

Skill      XL: |  1  2  3  4  5  6  7  8  9 10 11 |
---------------+----------------------------------+-----
Transmutations | 3 4 5 6 7 8 9 |  9.2
Unarmed Combat | 4 5 6 7 8 9 10 | 10.6
Spellcasting   | 3 6 8 9 10 | 10.1
Dodging        | 2 4 6 7 |  7.2
Fighting       | 4 |  4.0
Earth Magic    | 2 |  2.6

Action                   |  1- 3 |  4- 6 |  7- 9 | 10-12 || total
-------------------------+-------+-------+-------+-------++-------
Melee: Unarmed           |   140 |   225 |   531 |   725 ||  1621
       Kick              |    14 |    27 |    68 |    91 ||   200
       Tailslap          |    11 |    20 |    53 |    97 ||   181
       Headbutt          |     6 |     5 |    30 |    58 ||    99
       Punch             |     1 |     4 |    15 |    30 ||    50
 Cast: Beastly Appendage |     9 |    19 |    37 |    54 ||   119
       Sticks to Snakes  |       |    12 |    23 |   117 ||   152
       Spider Form       |       |       |     1 |     3 ||     4
       Stone Arrow       |       |       |       |     2 ||     2
       Blade Hands       |       |       |       |     2 ||     2
Evoke: Wand              |       |       |     8 |       ||     8
  Use: Potion            |       |     7 |     2 |     3 ||    12
       Scroll            |       |       |     4 |     2 ||     6
 Stab: Sleeping          |     1 |       |     2 |     2 ||     5
       Distracted        |       |     2 |       |     4 ||     6
       Invisible         |       |     1 |       |       ||     1
  Eat: Chunk             |     2 |     1 |       |       ||     3
       Fruit             |       |     5 |       |       ||     5
       Royal jelly       |       |     1 |       |     1 ||     2
       Meat ration       |       |     1 |       |     1 ||     2
       Bread ration      |       |       |     4 |       ||     4
       Beef jerky        |       |       |       |     7 ||     7
Armor: Skin              |    22 |    54 |   210 |   218 ||   504
Dodge: Dodged            |    88 |   146 |   315 |   574 ||  1123
